 Dungeon Crawl Stone Soup version 0.32-a0-747-gc8563f6773 (webtiles) character file.

Game seed: 10535296271892920067

369 timneilson the Sneak (level 7, -2/40 HPs)
             Began as a Kobold Enchanter on Mar 17, 2024.
             Slain by Edmund
             ... wielding a +2 heavy flail
              (4 damage)
             ... on level 4 of the Dungeon.
             The game lasted 00:10:23 (2831 turns).

timneilson the Sneak (Kobold Enchanter)             Turns: 2831, Time: 00:10:24

Health: -2/40      AC:  8    Str:  5    XL:     7   Next: 1%
Magic:  10/10      EV: 15    Int: 17    God:
Gold:   171        SH:  5    Dex: 23    Spells: 8/10 levels left

rFire   . . .        f - +0 rapier
rCold   + . .        (no shield)
rNeg    . . .        p - +3 leather armour {rC+}
rPois   .            l - +0 helmet
rElec   .            (no cloak)
rCorr   .            (no gloves)
SInv    .            j - +0 pair of boots
Will    .....        d - amulet of reflection
Stlth   ++++         k - +6 ring of dexterity
HPRegen 0.26/turn    (no ring)
MPRegen 0.12/turn

%: reflection
@: no status effects
A: small, no large weapons, nightstalker 3
a: no special abilities


You were on level 4 of the Dungeon.
You visited 1 branch of the dungeon, and saw 4 of its levels.

You collected 171 gold pieces.

Inventory:

Hand Weapons
 a - a +1 dagger
 f - a +0 rapier (weapon)
Missiles
 q - 2 poisoned darts (quivered)
Armour
 j - a +0 pair of boots (worn)
 l - a +0 helmet (worn)
 p - a +3 leather armour of cold resistance (worn)
Jewellery
 d - an amulet of reflection (around neck)
 k - a +6 ring of dexterity (left hand)
Wands
 n - a wand of iceblast (8)
Scrolls
 g - 3 scrolls of fear
Potions
 b - a potion of haste
 c - a potion of invisibility
 e - a potion of enlightenment
 h - 2 potions of attraction
 i - 2 potions of lignification
 m - 5 potions of curing
 o - a potion of ambrosia {unknown}
 r - a potion of mutation {unknown}


   Skills:
 + Level 2.2 Fighting
 * Level 4.4 Short Blades
 + Level 1.8 Armour
 * Level 4.6 Dodging
 + Level 5.2 Stealth
 - Level 2.1 Spellcasting
 - Level 3.0 Hexes
 + Level 1.8 Evocations


You had 8 spell levels left.
You knew the following spells:

 Your Spells              Type           Power      Damage    Failure   Level
a - Ensorcelled Hibernat  Hex/Ice        12%        N/A       26%         2

Your spell library contained the following spells:

 Spells                   Type           Power      Damage    Failure   Level
 Jinxbite                 Hex            24%        N/A       14%         2
 Confusing Touch          Hex            12%        N/A       26%         3
 Tukima's Dance           Hex            12%        N/A       26%         3
 Dazzling Flash           Conj/Hex       12%        N/A       45%         3
 Animate Dead             Necr           1%         N/A       97%         4
 Yara's Violent Unravell  Hex/Alch       3%         3d4       99%         5
 Alistair's Intoxication  Alch           0%         N/A       100%        5
 Borgnjor's Vile Clutch   Necr/Erth      0%         N/A       100%        5
 Eringya's Noxious Bog    Alch           0%         4d6       100%        6
 Enfeeble                 Hex            6%         N/A       100%        7
 Haunt                    Necr/Summ      0%         N/A       100%        7
 Infestation              Necr           0%         N/A       100%        8


Dungeon Overview and Level Annotations

Branches:
Dungeon (4/15)
 Temple: D:4-7

Altars:
Dithmenos
Nemelex Xobeh

Shops:
D:2 !

Annotations:
D:4 2 runed translucent doors, Edmund


Innate Abilities, Weirdness & Mutations

You are small and have problems with some larger weapons.
You are completely attuned to the shadows.


Message History

Found a stone staircase leading up.
There is an open door here.
You open the door.
There is an open door here.
Edmund the Younger comes into view.
He is wielding a +2 heavy flail.
Edmund grinds his teeth, and then sighs.
Edmund hits you with a +2 heavy flail!
You puncture Edmund!
Edmund is moderately wounded.
You barely miss Edmund.
Edmund is moderately wounded.
Edmund hits you with a +2 heavy flail!
You barely miss Edmund.
Edmund is lightly wounded.
Edmund misses you.
You hit Edmund.
Edmund is moderately wounded.
You hit Edmund.
Edmund is moderately wounded.
Edmund closely misses you.
You barely miss Edmund.
Edmund is moderately wounded.
You barely miss Edmund.
Edmund is moderately wounded.
Edmund hits you with a +2 heavy flail!
* * * LOW HITPOINT WARNING * * *
You hit Edmund.
Edmund is moderately wounded.
Edmund hits you with a +2 heavy flail.
* * * LOW HITPOINT WARNING * * *
You hit Edmund but do no damage.
Edmund is moderately wounded.
You hit Edmund.
Edmund is heavily wounded.
Edmund closely misses you.
You hit Edmund but do no damage.
Edmund is heavily wounded.
Edmund hits you with a +2 heavy flail.
You die...
Edmund says, "I'd like to see a scythe do that!"

#####..##### ..
........... ..#
###.##.... #.## #.#
.... ##..####
##.##....#
#......###..##....#
'......'.#.###....#
#......#...# #.@..#
#......#..## #..@.#
#......#..# #....#
#......#..# #....#
#...)..'..# #....#
#(.....#..#
#....#####
#......#>##
#.........
#......###
####...... #......#
#.##### ########
##.##..


You could see Edmund.

Vanquished Creatures
  Eustachio (D:4)
  A howler monkey (D:3)
  Jessica (D:2)
  An orc wizard (D:3)
  Robin (D:3)
  4 adders
  4 dart slugs
  2 ribbon worms
  3 orcs (D:3)
  12 bats
  5 endoplasms
  2 giant cockroaches (D:1)
  19 goblins
  7 hobgoblins
  5 ball pythons
  6 frilled lizards
  2 rats (D:3)
76 creatures vanquished.

Notes
Turn   | Place    | Note
-------+----------+-------------------------------------------
     0 | D:1      | timneilson the Kobold Enchanter began the quest for the
                  | Orb.
     0 | D:1      | Reached XP level 1. HP: 10/10 MP: 3/3
   181 | D:1      | Reached XP level 2. HP: 16/16 MP: 5/5
   533 | D:1      | Reached XP level 3. HP: 20/20 MP: 6/6
   869 | D:2      | Reached skill level 1 in Fighting
   940 | D:2      | Learned a level 2 spell: Ensorcelled Hibernation
  1020 | D:2      | Reached skill level 1 in Armour
  1112 | D:2      | Found Zustuuk's Distillery.
  1130 | D:2      | Noticed Jessica
  1136 | D:2      | Killed Jessica
  1137 | D:2      | Reached XP level 4. HP: 21/25 MP: 7/7
  1289 | D:2      | Reached XP level 5. HP: 29/29 MP: 8/8
  1685 | D:3      | Found a faded altar of an unknown god.
  1743 | D:3      | Noticed Robin
  1760 | D:3      | Killed Robin
  2086 | D:3      | Found a shadowy altar of Dithmenos.
  2090 | D:3      | Found a sparkling altar of Nemelex Xobeh.
  2096 | D:3      | Reached skill level 1 in Evocations
  2253 | D:3      | Reached XP level 6. HP: 26/35 MP: 9/9
  2589 | D:4      | Noticed Eustachio
  2609 | D:4      | HP: 1/35 [rat[Eustachio] (2)]
  2631 | D:4      | Killed Eustachio
  2632 | D:4      | Reached skill level 5 in Stealth
  2632 | D:4      | Reached XP level 7. HP: 4/40 MP: 10/10
  2803 | D:4      | Found a large runed translucent door.
  2803 | D:4      | Found a large runed translucent door.
  2817 | D:4      | Noticed Edmund
  2828 | D:4      | HP: 1/40 [Edmund/+2 heavy flail (5)]
  2831 | D:4      | Slain by Edmund

Illustrated notes

Levels and vault maps discovered:
D:1:      tarquinn_simple_flora_water_f, layout_loops_ring
D:2:      layout_rooms, serial_shops, shop, minmay_goblin_outpost, uniq_jessica
D:3:      layout_loops_ring, grunt_temple_overflow_open,
          hellmonk_ecumenical_altar_run_dry, minmay_mini_jars, uniq_robin
D:4:      layout_basic, nicolae_wu_jian_wuxing_cycle,
          ebering_ghost_disaster_area, uniq_grinder, uniq_edmund,
          uniq_eustachio, uniq_pikel

Skill      XL: |  1  2  3  4  5  6 |
---------------+-------------------+-----
Short Blades   | 2 3 4 |  4.4
Fighting       | 1 2 |  2.2
Dodging        | 3 4 |  4.6
Armour         | 1 |  1.8
Evocations     | 1 |  1.8
Stealth        | 5 |  5.2
Spellcasting   | |  2.1
Hexes          | |  3.0

Action                     |  1- 3 |  4- 6 |  7- 9 || total
---------------------------+-------+-------+-------++-------
  Melee: Dagger            |    78 |   157 |       ||   235
         Rapier            |       |    37 |    11 ||    48
    Use: Scroll            |     6 |     7 |       ||    13
         Potion            |       |     2 |       ||     2
   Stab: Sleeping          |    16 |    15 |       ||    31
         Invisible         |       |     5 |       ||     5
 Armour: Robe              |    23 |     3 |       ||    26
         Leather armour    |       |    70 |     5 ||    75
  Dodge: Dodged            |    41 |   176 |     3 ||   220
  Block: Other             |    12 |    49 |       ||    61
         Reflection        |       |     3 |       ||     3

Table legend: (Time is in decaauts)
 A = Elapsed time spent in this place.
 B = Non-inter-level travel time spent in this place.
 C = Inter-level travel time spent in this place.
 D = Time resting spent in this place.
 E = Time spent auto-exploring this place.
 F = Levels seen in this place.
 G = Mean time per level.
                   A        B        C        D        E       F      G
               +--------+--------+--------+--------+--------+-----+--------+
         Total |   2802 |   2701 |    101 |    305 |   1210 |   4 |  700.5 |
       Dungeon |   2802 |   2701 |    101 |    305 |   1210 |   4 |  700.5 |
               +--------+--------+--------+--------+--------+-----+--------+

Top non-repeatable levels by time:
     D:1: 900 daAuts
     D:3: 884 daAuts
     D:2: 701 daAuts
     D:4: 315 daAuts
